 Dungeon Crawl Stone Soup version 0.29-a0-207-gf982a884d8 (webtiles) character file.

Game seed: 13272441894484093470

131 lunkers the Shooter (level 4, 0/36 HPs)
             Began as a Demigod Hunter on Feb 24, 2022.
             Slain by a centaur (2 damage)
             ... on level 6 of the Dungeon.
             The game lasted 00:02:46 (2219 turns).

lunkers the Shooter (Demigod Hunter)                Turns: 2219, Time: 00:02:46

Health: 0/36       AC:  3    Str: 13    XL:     4   Next: 61%
Magic:  6/6        EV: 12    Int: 13    God:
Gold:   82         SH:  0    Dex: 18    Spells: 3/3 levels left

rFire   . . .      SeeInvis +   a - +1 shortbow
rCold   . . .      Faith    .   (shield currently unavailable)
rNeg    . . .      Spirit   .   c - +0 leather armour
rPois   .          Reflect  .   (no helmet)
rElec   +          Harm     .   (no cloak)
rCorr   .          Rampage  .   (no gloves)
Will    .....                   (no boots)
Stlth   ++........              (no amulet)
HPRegen 0.12/turn               h - ring "Boxkurch" {Fly rElec SInv}
MPRegen 0.10/turn               (no ring)

@: flying
A: high MP 1, forlorn, divine attributes
a: no special abilities


You were on level 6 of the Dungeon.
You visited 1 branch of the dungeon, and saw 4 of its levels.

You collected 82 gold pieces.

Inventory:

Hand Weapons
 a - a +1 shortbow (weapon)
 b - a +1 short sword of electrocution
Armour
 c - a +0 leather armour (worn)
Jewellery
 h - the ring "Boxkurch" (left hand) {Fly rElec SInv}
   (You found it on level 2 of the Dungeon)

   [ring of flight]

   rElec:     It insulates you from electricity.
   SInv:      It lets you see invisible.
   Fly:       It grants you flight.
 k - a ring of ice
Scrolls
 d - 3 scrolls of identify {unknown}
 e - 3 scrolls of immolation {unknown}
 g - a scroll of vulnerability {unknown}
 i - a scroll of fear {unknown}
 j - a scroll of teleportation {unknown}
Potions
 f - a potion of might {unknown}
 l - 2 potions of attraction {unknown}
 m - a potion of curing {unknown}
 n - a potion of cancellation {unknown}


   Skills:
 - Level 1.7 Fighting
 + Level 5.7 Bows
 - Level 1.7 Dodging
 - Level 0.8 Stealth


You had 3 spell levels left.
You didn't know any spells.
Your spell library contained the following spells:

 Spells                   Type           Power      Damage    Failure   Level
 Sublimation of Blood     Necr           0%         N/A       52%         2
 Wereblood                Tmut           0%         N/A       52%         2
 Summon Hydra             Summ           0%         N/A       100%        7


Dungeon Overview and Level Annotations

Branches:
Dungeon (3/15)

Shops:
D:1 ?


Innate Abilities, Weirdness & Mutations

You have an increased reservoir of magic. (+10% MP)
You shall have no god before yourself.
Your divine heritage dramatically boosts your attributes as you level up.


Message History

The centaur is heavily wounded.
The centaur shoots an arrow.
The arrow hits you!
* * * LOW HITPOINT WARNING * * *
The centaur shoots an arrow.
The arrow closely misses you.
Shoot: a) +1 shortbow
Press: ? - help, Q - select action Shift-Dir - straight line, f/p - centaur
Aim: a centaur, wielding a +0 shortbow (heavily wounded, 74% to hit)
You shoot an arrow. The arrow hits the centaur.
The centaur is heavily wounded.
The centaur unwields a +0 shortbow.
The centaur hits you.
* * * LOW HITPOINT WARNING * * *
The centaur kicks you.
* * * LOW HITPOINT WARNING * * *
Unknown command.
Shoot: a) +1 shortbow
Press: ? - help, Q - select action Shift-Dir - straight line, f/p - centaur
Aim: a centaur (heavily wounded, 74% to hit)
You shoot an arrow. The arrow hits the centaur.
The centaur is severely wounded.
The centaur closely misses you.
The centaur kicks you but does no damage.
The centaur closely misses you. The centaur kicks you.
* * * LOW HITPOINT WARNING * * *
Unknown command.
Shoot: a) +1 shortbow
Press: ? - help, Q - select action Shift-Dir - straight line, f/p - centaur
Aim: a centaur (severely wounded, 74% to hit)
You shoot an arrow. The arrow hits the centaur.
The centaur is almost dead.
The centaur closely misses you. x2; The centaur hits you.
* * * LOW HITPOINT WARNING * * *
The centaur kicks you but does no damage.
Unknown command.
Shoot: a) +1 shortbow
Press: ? - help, Q - select action Shift-Dir - straight line, f/p - centaur
Aim: a centaur (almost dead, 74% to hit)
You shoot an arrow. The arrow hits the centaur.
The centaur is almost dead.
The centaur hits you.
You die...

.# #.# .# .
.≈ .≈. ..
#. .# #.#
.# ≈.
.≈..... #.
.#.#. ≈.
.≈. #
#.#.#.#c#.#
.≈...≈.@..#
#.#.#.#.#.#
≈. .≈. # #.
.#.## #
#####


You could see a centaur.

Vanquished Creatures
  An orc priest (D:2)
  4 adders
  An ufetubus (D:2)
  A worm (D:2)
  A dart slug (D:2)
  2 orcs (D:2)
  5 bats (D:1)
  5 endoplasms
  3 giant cockroaches
  3 goblins (D:1)
  3 hobgoblins (D:1)
  2 jackals (D:2)
  6 kobolds
  4 quokkas
  4 ball pythons
  6 frilled lizards
  A rat (D:2)
52 creatures vanquished.

Vanquished Creatures (others)
  A withered plant (D:6)
1 creature vanquished.

Grand Total: 53 creatures vanquished

Notes
Turn   | Place    | Note
-------+----------+-------------------------------------------
     0 | D:1      | lunkers the Demigod Hunter began the quest for the Orb.
     0 | D:1      | Reached XP level 1. HP: 17/17 MP: 3/3
    84 | D:1      | Reached skill level 4 in Bows
    98 | D:1      | Reached XP level 2. HP: 18/24 MP: 4/4
   537 | D:1      | Found Yphecrulin's Magic Scroll Shop.
   876 | D:2      | Reached XP level 3. HP: 12/29 MP: 5/5
  1129 | D:2      | Reached skill level 5 in Bows
  1144 | D:2      | Identified the ring "Boxkurch" {Fly rElec SInv}
  1656 | D:2      | Reached XP level 4. HP: 35/36 MP: 6/6
  2212 | D:3      | You are sucked into a shaft and drop 3 floors!
  2212 | D:6      | Noticed a centaur
  2219 | D:6      | Slain by a centaur

Illustrated notes

Levels and vault maps discovered:
D:1:      dpeg_arrival_rooms_c, layout_loops_cross, serial_shops,
          nicolae_shop_hallway_stairs, dreamdust_ecumenical_altar_statues,
          minmay_pentomino_q2
D:2:      layout_basic, amcnicky_mini_corridor_feature
D:3:      layout_basic, mainiacjoe_overflow_swirl, serial_aquarium,
          aquarium_bridge_long_joined [aquarium_subvault_window,
          aquarium_subvault_window, aquarium_subvault_wall,
          aquarium_subvault_bridge, aquarium_subvault_window,
          aquarium_subvault_bridge], aquarium_window_2, aquarium_window_2,
          aquarium_window_corner, aquarium_window_corner, aquarium_view_2e,
          aquarium_balcony_3a, uniq_terence
D:6:      layout_basic, okawaru_ov_weapons_minmay, lemuel_round_altar,
          mainiacjoe_overflow_small_starburst, serial_undead, serial_undead_b,
          serial_undead_c, serial_undead_b, serial_undead_c, serial_undead_c,
          serial_undead_c, serial_undead_b, serial_undead_c, serial_shops,
          kennysheep_little_box, portal_sewer_entry_a, chequers_mini_garden,
          hangedman_decor_peaks_small, minmay_crystal_room,
          kennysheep_crisscross, nrook_mini_backslash, lightli_minifort

Skill      XL: |  1  2  3 |
---------------+----------+-----
Bows           | 4 5 |  5.7
Fighting       | |  1.7
Dodging        | |  1.7
Stealth        | |  0.8

Action                   |  1- 3 |  4- 6 || total
-------------------------+-------+-------++-------
 Fire: Shortbow          |   111 |    22 ||   133
Armor: Leather armour    |    16 |     4 ||    20
Dodge: Dodged            |    25 |    10 ||    35

Table legend: (Time is in decaauts)
 A = Elapsed time spent in this place.
 B = Non-inter-level travel time spent in this place.
 C = Inter-level travel time spent in this place.
 D = Time resting spent in this place.
 E = Time spent auto-exploring this place.
 F = Levels seen in this place.
 G = Mean time per level.
                   A        B        C        D        E       F      G
               +--------+--------+--------+--------+--------+-----+--------+
         Total |   2257 |   2203 |     54 |      0 |   1942 |   4 |  564.2 |
       Dungeon |   2257 |   2203 |     54 |      0 |   1942 |   4 |  564.2 |
               +--------+--------+--------+--------+--------+-----+--------+

Top non-repeatable levels by time:
     D:2: 1181 daAuts
     D:1: 883 daAuts
     D:3: 183 daAuts
     D:6: 8 daAuts
